 Dungeon Crawl Stone Soup version 0.14-a0-1765-g49ce880 (webtiles) character file.

314485 PolkaDot the Imperceptible (level 20, -1/148 HPs)
             Began as a Vampire Enchanter on Jan 5, 2014.
             Was the Champion of Ashenzari.
             Slain by a stone giant (28 damage)
             ... on Level 5 of the Vaults.
             The game lasted 05:08:18 (49786 turns).

PolkaDot the Imperceptible (Vampire Enchanter)     Turns: 49786, Time: 05:08:19

HP  -1/148       AC 21     Str  7      XL: 20   Next: 40%
MP   0/49        EV 24     Int 18      God: Ashenzari [******]
Gold 3756        SH 15     Dex 21      Spells: 11 memorised,  1 level left

rFire  + . .     SeeInvis +     a - +5 cutlass (elec) (curse)
rCold  + + +     Clarity  +     d - +4 moon troll leather armour {Spirit, MP+5 Regen}
rNeg   + + +     Conserve +     b - +0 buckler (curse)
rPois  +         rCorr    +     c - +2 wizard hat (curse)
rElec  .         rRot     +     m - +2 cloak {rCorr, Cons} (curse)
SustAb . .       Spirit   +     o - +1 pair of dwarf gloves {archer} (curse)
rMut   .         Warding  .     i - +1 pair of boots of the Arcane {Dex+2 Dam+4}
Saprov . . .     Stasis   .     s - cursed amulet of conservation
                                A - cursed ring of the Demons {rF+ rC+ Acc+2}
                                p - cursed ring of magical power

@: regenerating slowly, very slightly contaminated, bonded with blade, quite
resistant to hostile enchantments, uncannily stealthy
A: bottle blood, fangs 3, thin metallic scales 1, see invisible, unbreathing
a: Bat Form, Bottle Blood, Scrying, Transfer Knowledge, Renounce Religion
}: 2/15 runes: decaying, serpentine


You were on level 5 of the Vaults.
You worshipped Ashenzari.
Ashenzari was exalted by your worship.
You were near bloodless.

You visited 6 branches of the dungeon, and saw 40 of its levels.
You also visited: Bailey and Ice Cave.

You collected 4534 gold pieces.
You spent 778 gold pieces at shops.

Inventory:

Hand weapons
 a - a cursed +5,+5 cutlass of electrocution (weapon)
 E - a +1,+2 great mace of holy wrath
Missiles
 r - a throwing net [frayed] (quivered)
 G - 8 throwing nets
Armour
 b - a cursed +0 buckler (worn)
 c - a cursed +2 wizard hat (worn)
 d - the cursed +4 moon troll leather armour (worn) {Spirit, MP+5 Regen}
   (You found it on level 4 of the Lair of Beasts)

   It affects your magic capacity (+5).
   It increases your rate of regeneration.
   It has a curse placed upon it.
 i - the cursed +1 pair of boots of the Arcane (worn) {Dex+2 Dam+4}
   (You found it on level 1 of the Swamp)

   It affects your dexterity (+2).
   It affects your damage-dealing abilities (+4).
   It has a curse placed upon it.
 m - a cursed +2 cloak of preservation (worn)
 o - a cursed +1 pair of dwarven gloves of archery (worn)
Magical devices
 B - a wand of disintegration (9)
 D - a wand of teleportation (3)
 L - a wand of paralysis (9)
Scrolls
 e - a scroll of remove curse
 f - 2 scrolls of enchant weapon I
 g - 2 scrolls of immolation
 k - a scroll of teleportation
 n - a scroll of summoning
 t - 2 scrolls of identify
 u - a scroll of magic mapping
 v - 3 scrolls of fear
 w - 4 scrolls of fog
 y - 2 scrolls of enchant weapon II
Jewellery
 p - a cursed ring of magical power (left hand)
 s - a cursed amulet of conservation (around neck)
 A - the cursed ring of the Demons (right hand) {rF+ rC+ Acc+2}
   (You took it off a naga warrior on level 3 of the Snake Pit)

   [ring of protection from fire]

   It affects your accuracy (+2).
   It protects you from cold.
   It has a curse placed upon it.
Potions
 h - a potion of lignification
 l - a potion of resistance
 x - a potion of restore abilities
 z - 2 potions of brilliance
Books
 C - a book of Enchantments

   Spells                             Type                      Level
   Cause Fear                         Hexes                        4
   *Silence                           Hexes/Air                    5
   Tukima's Dance                     Hexes                        5
   Deflect Missiles                   Charms/Air                   6
   *Haste                             Charms                       6
   Discord                            Hexes                        8


   Skills:
 - Level 10.4 Fighting
 - Level 10.3(14.6) Short Blades
 - Level 0.7 Throwing
 - Level 6.2 Armour
 - Level 10.0(14.3) Dodging
 + Level 25.0(27) Stealth
 - Level 5.8(8.9) Shields
 + Level 9.1 Spellcasting
 - Level 23.7(27) Hexes
 * Level 18.1(21.8) Charms
 - Level 1.7(4.8) Translocations


You had one spell level left.
You knew the following spells:

 Your Spells              Type           Power        Failure   Level  Hunger
a - Corona                Hex            #######      0%          1    None
b - Sure Blade            Hex/Chrm       #######...   0%          2    None
c - Confuse               Hex            #######.     0%          3    None
d - Ensorcelled Hibernat  Hex/Ice        ######       1%          2    None
e - Enslavement           Hex            #######.     0%          4    ###....
h - Haste                 Chrm           ######..     1%          6    ######.
i - Invisibility          Hex            #######.     1%          6    ######.
p - Passwall              Trmt/Erth      ##........   24%         3    None
q - Blink                 Tloc           N/A          1%          2    None
D - Repel Missiles        Chrm/Air       #####.....   1%          2    None
S - Silence               Hex/Air        ######....   1%          5    ####...


Dungeon Overview and Level Annotations

Branches:
Dungeon (16/16)            Temple (1/1) D:4             Orc (0/4) D:12
   Lair (8/8) D:11          Swamp (5/5) Lair:4        Snake (5/5) Lair:6
  Slime (0/6) Lair:8       Vaults (5/5) D:14          Blade (0/1) Vaults:3
 Forest (0/5) Vaults:2     Depths (0/6) D:16

Altars:
Ashenzari
Cheibriados
Elyvilon
Fedhas
Kikubaaqudgha
Makhleb
Nemelex Xobeh
Okawaru
Sif Muna
Trog
Vehumet
Xom
Yredelemnul
Zin
the Shining One
Beogh
Jiyva

Shops:
D:5 [   D:10 (   Snake:1 *   Snake:3 [   Vaults:3 (   Vaults:4 (

Annotations:
Vaults:2 exclusion: Roxanne, Roxanne


Innate Abilities, Weirdness & Mutations

You heal slowly.
You can bottle blood from corpses.
You have razor-sharp teeth.*
You have supernaturally acute eyesight.
You can survive without breathing.*
You are partially covered in thin metallic scales (AC +2).*


Message History

Confirm with . or Enter, or press ? or * to list all spells.
You don't have enough magic to cast that spell.
Throwing (i - inventory. (,) - cycle):
r - a throwing net [frayed] (quivered)
Press: ? - help, Shift-Dir - straight line, f - stone giant
Aim: a stone giant (heavily wounded)
Okay, then.
Casting: Sure Blade
Confirm with . or Enter, or press ? or * to list all spells.
You don't have enough magic to cast that spell.
Drink which item? (? for menu, Esc to quit)
You feel much better.
Drink which item? (? for menu, Esc to quit)
You feel better. The stone giant barely misses you.
Drink which item? (? for menu, Esc to quit)
You feel better. The stone giant hits you!
* * * LOW HITPOINT WARNING * * *
Drink which item? (? for menu, Esc to quit)
You feel better. The stone giant hits you!
* * * LOW MAGIC WARNING * * *
You die...

* ** * ** ** ** * *
******* ** * ,, ,, ,
, , , { , ,, ,, , ,
,, ,,, {, ,,,,, ,, *
** ****
,############## ** ,
,,,,
*,,,{#@C(...........
*, ,{ , ,
#(...)........., *,
* * * ,
#..(#####..####* ,*
* ,, ,#(..# * .#,∩ ,
, , ,, ,, #.%.#,,,*
, ,,*, **
**#.#,,,,#.(%#*'* ,
'* ,, ,, * #.#,,
#...).......,, , ,*
#.#, { #........C. ,
,,, , ,* .(#
,#...##'##..* **,,


You could see a stone giant.

Vanquished Creatures
  Saint Roka (Snake:5)
  the Lernaean hydra (Swamp:5)
  Norris (Swamp:3)
  Xtahua (Vaults:4)
  An Ice Fiend (IceCv)
  A lich (Vaults:2)
  Frances (Snake:2)
  The ghost of Gorice the Eclecticist, a mighty DEWn of Sif Muna (Snake:4)
  A tengu reaver (Vaults:4)
  Wiglaf (Swamp:2)
  Maud (D:15)
  An orc warlord (Bailey)
  6 vault wardens
  2 deep elf sorcerers (Vaults:2)
  Gastronok (Lair:1)
  Jorgrun (Snake:4)
  7 greater nagas
  The ghost of Fv001 the Hoplite, a powerful GrFi of Okawaru (Swamp:1)
  7 stone giants
  An ettin (Vaults:5)
  Snorg (Snake:4)
  4 salamanders (Snake:5)
  6 ironheart preservers
  20 yaktaur captains
  A deep elf high priest (Vaults:5)
  2 great orbs of eyes
  An ice dragon (D:16)
  16 vault guards
  23 hydras
  Erica (Lair:1)
  2 dancing weapons (Vaults:3)
  6 anacondas
  24 death yaks
  2 deep troll shamans (Vaults:4)
  2 deep troll earth magi (Vaults:4)
  6 alligators
  6 ogre magi
  26 naga warriors
  Urug (D:14)
  4 catoblepae
  13 very ugly things
  15 centaur warriors
  Nergalle (D:12)
  A fire crab (shapeshifter) (Vaults:3)
  8 skeletal warriors
  2 deep elf knights (Vaults:1)
  2 wizards
  2 unseen horrors
  A faun (Vaults:2)
  An iron troll (Vaults:1)
  6 ice devils
  2 flayed ghosts (Vaults:3)
  5 hill giants
  2 ironbrand convokers (Vaults:2)
  5 deep trolls (Vaults:4)
  Erolcha (D:10)
  4 lindwurms (Snake:5)
  16 swamp dragons
  6 orc knights
  A deep elf conjurer (Vaults:1)
  2 necromancers (D:14)
  4 giant amoebae
  3 griffons
  2 wolf spiders
  5 orc sorcerers
  3 spiny worms
  7 cyclopes
  5 guardian serpents
  A red wasp (Swamp:2)
  14 elephants
  A stone golem (Vaults:1)
  47 black mambas
  10 vault sentinels
  An item mimic (Lair:6)
  A deep elf summoner (Vaults:2)
  15 spiny frogs
  32 naga magi
  Psyche (D:12)
  A queen ant (Lair:2)
  38 yaktaurs
  3 anaconda simulacra (IceCv)
  3 deep elf priests
  A golden dragon simulacrum (IceCv)
  An elf (shapeshifter) (Vaults:4)
  A hydra zombie (D:15)
  A wolf spider simulacrum (IceCv)
  10 giant leeches
  5 trolls
  Sonja (Swamp:1)
  5 komodo dragons
  2 spriggans (shapeshifter)
  A polar bear (Lair:4)
  17 two-headed ogres
  40 slime creatures
  17 bog bodies
  3 basilisks
  6 boulder beetles
  7 blink frogs
  5 shadows
  3 redbacks (Vaults:4)
  A griffon skeleton (D:11)
  4 wraiths
  Eustachio (D:6)
  A dire elephant simulacrum (IceCv)
  3 wyverns
  20 humans (D:14)
  6 hippogriffs
  4 harpy simulacra (IceCv)
  49 yaks
  3 deep elf fighters
  A merfolk (D:7)
  32 vampire mosquitoes
  2 death yak simulacra (IceCv)
  60 ugly things
  3 hungry ghosts
  Edmund (D:4)
  16 wolves
  2 iron troll simulacra (IceCv)
  21 soldier ants
  3 hydra simulacra (IceCv)
  43 swamp worms
  16 swamp drakes
  A mottled dragon (Vaults:2)
  2 necrophages
  A manticore (D:12)
  64 nagas
  5 freezing wraiths
  3 porcupines
  A kobold demonologist (Vaults:1)
  An alligator simulacrum (IceCv)
  6 sky beasts
  4 giant goldfish
  An ettin simulacrum (IceCv)
  5 ice beasts
  A yellow wasp (D:12)
  33 centaurs
  21 orc warriors
  A fire dragon simulacrum (D:15)
  29 ogres
  2 phantoms
  2 wargs
  3 spriggan simulacra (IceCv)
  Sigmund (D:3)
  Duvessa (D:4)
  A brain worm (D:14)
  9 crocodiles
  A yaktaur zombie (D:15)
  4 giant slugs
  27 water moccasins
  8 big kobolds
  Blork the orc (D:9)
  15 giant frogs
  5 agate snails
  2 cyclops zombies
  A gnoll sergeant (D:7)
  A yaktaur skeleton (D:16)
  6 insubstantial wisps (Swamp:3)
  A yak zombie (D:11)
  An eye of draining (D:15)
  26 killer bees
  9 jellyfish
  A troll zombie (D:12)
  A yak skeleton (D:12)
  3 goliath beetles
  10 crimson imps
  6 wights
  Dowan (D:4)
  6 electric eels
  A water moccasin zombie (D:6)
  4 jellies
  5 draconian simulacra (IceCv)
  8 orc priests
  8 hounds
  16 orc wizards
  A quasit (D:9)
  Crazy Yiuf (D:4)
  4 scorpions
  13 big fish
  A giant frog skeleton (D:9)
  A basilisk skeleton (D:15)
  A black bear zombie (D:5)
  34 worker ants
  5 iguanas
  A polar bear simulacrum (IceCv)
  A wolf simulacrum (IceCv)
  A killer bee zombie (D:13)
  A mottled dragon zombie (D:14)
  A centaur simulacrum (IceCv)
  Ijyb (D:3)
  Jessica (D:3)
  An ogre zombie (D:8)
  27 sheep
  A mottled dragon skeleton (D:14)
  18 green rats
  34 adders
  25 gnolls
  A worm zombie (D:9)
  3 ogre simulacra (IceCv)
  4 giant centipedes
  A giant mite (Lair:1)
  2 inept feature mimics
  3 white imps (IceCv)
  A goliath beetle zombie (D:11)
  An inept item mimic (D:7)
  6 naga simulacra (IceCv)
  8 ufetubi (IceCv)
  6 worms
  An iguana zombie (D:5)
  An adder skeleton (D:4)
  5 giant eyeballs
  2 oozes
  91 orcs
  6 ball pythons
  22 bats
  6 giant cockroaches
  33 hobgoblins
  16 quokkas
  4 training dummies (D:10)
  8 giant geckos
  6 giant newts
  27 goblins
  12 jackals
  29 kobolds
  17 rats
  A rat zombie (D:5)
  A fungus (Lair:8)
1777 creatures vanquished.

Vanquished Creatures (collateral kills)
  Nikola (Swamp:2)
  Rupert (Swamp:2)
  A vault guard (Vaults:2)
  2 orc knights
  2 slime creatures (Swamp:2)
  2 yaktaurs (D:15)
  2 ugly things (D:15)
  A mottled dragon (Vaults:1)
  2 orc warriors
  An ogre (Vaults:2)
  A crimson imp (D:15)
  2 orcs
18 creatures vanquished.

Vanquished Creatures (others)
  A vault guard (Vaults:5)
  A water nymph (shapeshifter) (Vaults:5)
  A vapour (Swamp:3)
  A naga mage (Snake:5)
  A naga (Snake:5)
  An orc warrior (Snake:5)
  2 centaurs (Vaults:4)
  A water moccasin (Snake:3)
  An ufetubus (IceCv)
  3 fungi
13 creatures vanquished.

Grand Total: 1808 creatures vanquished

Notes
Turn   | Place    | Note
--------------------------------------------------------------
     0 | D:1      | PolkaDot, the Vampire Enchanter, began the quest for the Orb.
     0 | D:1      | Reached XP level 1. HP: 13/13 MP: 3/3
   404 | D:1      | Reached XP level 2. HP: 16/19 MP: 4/4
  1255 | D:2      | Reached skill level 5 in Hexes
  1274 | D:2      | Reached XP level 3. HP: 17/24 MP: 6/6
  1352 | D:2      | Found a burning altar of Makhleb.
  1382 | D:2      | Reached skill level 6 in Hexes
  1510 | D:2      | Reached XP level 4. HP: 30/30 MP: 7/7
  1715 | D:2      | Learned a level 3 spell: Confuse
  2419 | D:3      | Noticed Jessica
  2426 | D:3      | Found a glowing silver altar of Zin.
  2444 | D:3      | Reached skill level 7 in Hexes
  2464 | D:3      | Killed Jessica
  2464 | D:3      | Reached XP level 5. HP: 12/35 MP: 9/9
  2471 | D:3      | Found a blossoming altar of Fedhas.
  2793 | D:3      | Noticed Ijyb
  2819 | D:3      | Killed Ijyb
  2874 | D:3      | Reached skill level 8 in Hexes
  2903 | D:3      | Noticed Sigmund
  2923 | D:3      | Killed Sigmund
  2923 | D:3      | Reached skill level 5 in Stealth
  2923 | D:3      | Reached XP level 6. HP: 26/41 MP: 10/10
  3457 | D:4      | Noticed Duvessa
  3459 | D:4      | Noticed Dowan
  3476 | D:4      | Killed Duvessa
  3476 | D:4      | Reached skill level 9 in Hexes
  3482 | D:4      | Killed Dowan
  3631 | D:4      | Found a staircase to the Ecumenical Temple.
  3644 | D:4      | Reached XP level 7. HP: 40/46 MP: 12/12
  3665 | Temple   | Entered the Ecumenical Temple
  3696 | Temple   | Became a worshipper of Ashenzari the Shackled
  3900 | D:4      | Learned a level 6 spell: Invisibility
  4113 | D:4      | Reached skill level 10 in Hexes
  4130 | D:4      | Paralysed by a giant eyeball for 2 turns
  4261 | D:4      | Noticed Edmund
  4274 | D:4      | Killed Edmund
  4469 | D:4      | Noticed Crazy Yiuf
  4480 | D:4      | Killed Crazy Yiuf
  4751 | D:4      | Reached skill level 11 in Hexes
  4807 | D:5      | Entered Level 5 of the Dungeon
  4807 | D:5      | Found Crogitobro's Antique Armour Shoppe.
  4842 | D:5      | Bought a runed cloak for 32 gold pieces
  4842 | D:5      | Bought a pair of glowing dwarven gloves for 44 gold pieces
  4846 | D:5      | Identified a +2 cloak of preservation (You bought it in a shop on level 5 of the Dungeon)
  5494 | D:5      | Reached skill level 12 in Hexes
  5504 | D:5      | Reached XP level 8. HP: 52/52 MP: 13/13
  5847 | D:5      | Reached skill level 13 in Hexes
  6074 | D:6      | Noticed Eustachio
  6112 | D:6      | Killed Eustachio
  6112 | D:6      | Reached skill level 14 in Hexes
  7053 | D:7      | Reached XP level 9. HP: 43/57 MP: 14/14
  7079 | D:7      | Acquired Ashenzari's first power
  7320 | D:7      | Reached skill level 15 in Hexes
  7588 | D:7      | Learned a level 2 spell: Ensorcelled Hibernation
  8114 | D:8      | Reached skill level 16 in Hexes
  8283 | D:8      | Reached skill level 5 in Short Blades
  8561 | D:8      | Reached XP level 10. HP: 43/63 MP: 16/16
  8808 | D:9      | Noticed a centaur warrior
  8813 | D:9      | Killed a centaur warrior
  8813 | D:9      | Reached skill level 10 in Stealth
  8813 | D:9      | Reached skill level 17 in Hexes
  8831 | D:9      | Found a sparkling altar of Nemelex Xobeh.
  8870 | D:9      | Found a shimmering altar of Xom.
  9114 | D:9      | Found an ancient bone altar of Kikubaaqudgha.
  9114 | D:9      | Found an iron altar of Okawaru.
  9221 | D:9      | Reached skill level 18 in Hexes
  9310 | D:9      | Noticed Blork the orc
  9338 | D:9      | Found a deep blue altar of Sif Muna.
  9341 | D:9      | Killed Blork the orc
  9423 | D:10     | Entered Level 10 of the Dungeon
  9430 | D:10     | Acquired Ashenzari's second power
  9486 | D:10     | Noticed Erolcha
  9489 | D:10     | Killed Erolcha
  9511 | D:10     | Found a flagged portal.
  9520 | Bailey   | Entered a bailey
  9612 | Bailey   | Reached XP level 11. HP: 68/68 MP: 17/17
  9910 | Bailey   | Noticed an orc knight
  9919 | Bailey   | Killed an orc knight
 10356 | Bailey   | Noticed an orc warlord
 10382 | Bailey   | Killed an orc warlord
 10642 | D:10     | Found Odupa's Antique Weapon Emporium.
 11080 | D:10     | Reached skill level 19 in Hexes
 11088 | D:10     | Acquired Ashenzari's third power
 11263 | D:11     | Found a staircase to the Lair.
 11266 | Lair:1   | Entered Level 1 of the Lair of Beasts
 11330 | Lair:1   | Noticed Gastronok
 11417 | Lair:1   | Noticed Erica
 11459 | Lair:1   | Killed Erica
 12168 | Lair:2   | Reached skill level 20 in Hexes
 12168 | Lair:2   | Reached XP level 12. HP: 74/74 MP: 18/18
 12486 | Lair:2   | Reached skill level 10 in Short Blades
 12974 | Lair:3   | Learned a level 2 spell: Sure Blade
 13078 | Lair:3   | Acquired Ashenzari's fourth power
 13227 | Lair:1   | Reached skill level 5 in Fighting
 13227 | Lair:1   | Reached XP level 13. HP: 75/93 MP: 24/24
 13233 | Lair:1   | Learned a level 4 spell: Enslavement
 13876 | Lair:4   | Gained mutation: You are partially covered in thin metallic scales (AC +2). [potion of beneficial mutation]
 13932 | Lair:4   | Identified the +9,+4 sling "Undertaker" {speed, -Cast rF++ rC+}
 14006 | Lair:4   | Reached skill level 21 in Hexes
 14735 | Lair:4   | Reached skill level 1 in Armour
 14857 | Lair:4   | Found a staircase to the Swamp.
 15517 | Lair:5   | Identified the +7,+3 bow of Niyzarghufi {flame, +Fly rC- rN+ SInv Stlth++}
 16198 | Lair:6   | Reached skill level 15 in Stealth
 16234 | Lair:6   | Learned a level 2 spell: Blink
 16393 | Lair:6   | Found a staircase to the Snake Pit.
 16732 | Lair:6   | Reached XP level 14. HP: 99/99 MP: 19/25
 16966 | Lair:7   | Reached skill level 5 in Armour
 17803 | Lair:7   | Learned a level 2 spell: Repel Missiles
 17815 | Lair:8   | Entered Level 8 of the Lair of Beasts
 17865 | Lair:8   | Reached skill level 1 in Translocations
 17875 | Lair:8   | Reached skill level 22 in Hexes
 18053 | Lair:8   | Found a staircase to the Slime Pits.
 18054 | Lair:8   | Found a viscous altar of Jiyva.
 18414 | Lair:8   | Reached skill level 1 in Charms
 18601 | Lair:8   | Identified the cursed +0 robe of the Gardener {MR++ Str-3 Dex+1 Int-3 Curse}
 18681 | Lair:8   | Reached skill level 5 in Charms
 19153 | Swamp:1  | Entered Level 1 of the Swamp
 19172 | Swamp:1  | Identified the +1 pair of boots of the Arcane {Dex+2 Dam+4}
 19255 | Swamp:1  | Noticed Sonja
 19263 | Swamp:1  | Killed Sonja
 19296 | Swamp:1  | Identified a scroll of acquirement
 19499 | Swamp:1  | Noticed Fv001's ghost (powerful GrFi)
 19534 | Swamp:1  | Reached XP level 15. HP: 68/102 MP: 24/25
 19661 | Swamp:1  | Killed Fv001's ghost
 20565 | Swamp:2  | Noticed Wiglaf
 20573 | Swamp:2  | Killed Wiglaf
 20665 | Swamp:2  | Noticed Rupert
 20673 | Swamp:2  | Killed Rupert
 20931 | Swamp:2  | Noticed Nikola
 21200 | Swamp:2  | Killed Nikola
 21844 | Swamp:2  | HP: 1/102 [alligator (8)]
 22677 | Swamp:3  | Noticed Norris
 23145 | Swamp:3  | Paralysed by Norris for 5 turns
 23481 | Swamp:3  | Paralysed by Norris for 4 turns
 23550 | Swamp:3  | Killed Norris
 23550 | Swamp:3  | Reached skill level 23 in Hexes
 23550 | Swamp:3  | Reached skill level 10 in Charms
 24756 | Swamp:5  | Entered Level 5 of the Swamp
 25004 | Swamp:5  | Reached XP level 16. HP: 108/108 MP: 26/26
 25315 | Swamp:5  | Noticed the 27-headed Lernaean hydra
 25706 | Swamp:5  | Got a decaying rune of Zot
 26294 | Lair:1   | Killed Gastronok
 26440 | D:11     | Noticed a hill giant
 26443 | D:11     | Killed a hill giant
 26444 | D:11     | Noticed a yaktaur captain
 26454 | D:11     | Killed a yaktaur captain
 26800 | D:11     | Found a blossoming altar of Fedhas.
 27190 | D:12     | Found a staircase to the Orcish Mines.
 27233 | D:12     | Found a roughly hewn altar of Beogh.
 27383 | D:12     | Noticed Nergalle
 27391 | D:12     | Killed Nergalle
 27585 | D:12     | Noticed Psyche
 27594 | D:12     | Killed Psyche
 28099 | D:13     | Found a radiant altar of Vehumet.
 28519 | D:14     | Found a frozen archway.
 28531 | IceCv    | Entered an ice cave
 28768 | IceCv    | Identified the Grimoire of Attacks (You found it in an ice cave)
 29503 | IceCv    | Noticed an Ice Fiend
 29511 | IceCv    | Killed an Ice Fiend
 29514 | IceCv    | Reached skill level 5 in Dodging
 29838 | D:14     | Found a gate to the Vaults.
 30101 | D:14     | Noticed Urug
 30104 | D:14     | Killed Urug
 30104 | D:14     | Reached XP level 17. HP: 113/113 MP: 27/27
 30350 | D:15     | Entered Level 15 of the Dungeon
 30350 | D:15     | Noticed Maud
 30358 | D:15     | Killed Maud
 31539 | D:15     | Learned a level 3 spell: Passwall
 31819 | D:16     | Entered Level 16 of the Dungeon
 33041 | D:16     | Found a staircase to the Depths.
 33495 | Snake:1  | Entered Level 1 of the Snake Pit
 33710 | Snake:1  | Reached skill level 15 in Charms
 34144 | Snake:1  | Found Thrutuiz's Assorted Antiques.
 34174 | Snake:1  | Bought a fine dagger for 182 gold pieces
 34174 | Snake:1  | Identified the +5,+9 dagger of the Scorpion {antimagic, *Rage rPois rC+ Str+2} (You bought it in a shop on level 1 of the Snake Pit)
 34174 | Snake:1  | Bought a fluorescent wand for 520 gold pieces
 34260 | Snake:1  | Identified the +5 chain mail of the Gate {rPois rC++}
 35144 | Snake:2  | Noticed Frances
 35150 | Snake:2  | Killed Frances
 36372 | Snake:3  | Identified the ring of the Demons {rF+ rC+ Acc+2} (You took it off a naga warrior on level 3 of the Snake Pit)
 37099 | Snake:3  | Found Styusef's Armour Boutique.
 37556 | Snake:4  | Noticed Gorice's ghost (mighty DEWn)
 37723 | Snake:4  | Noticed Jorgrun
 37730 | Snake:4  | Killed Jorgrun
 37749 | Snake:4  | Killed Gorice's ghost
 37798 | Snake:4  | Noticed Snorg
 37805 | Snake:4  | Killed Snorg
 38265 | Snake:5  | Entered Level 5 of the Snake Pit
 38287 | Snake:5  | Reached XP level 18. HP: 129/129 MP: 28/28
 38321 | Snake:5  | Identified the +9,+6 bow "Reulyen" {flame, rPois rC+}
 38407 | Snake:5  | Noticed Saint Roka
 38427 | Snake:5  | Killed Saint Roka
 40157 | Snake:5  | Reached skill level 10 in Dodging
 40351 | Snake:5  | Reached skill level 1 in Shields
 40653 | Snake:5  | Reached skill level 10 in Fighting
 41586 | Snake:5  | Got a serpentine rune of Zot
 42408 | Swamp:5  | Killed the 26-headed Lernaean hydra
 42749 | Vaults:1 | Entered Level 1 of the Vaults
 42886 | Vaults:1 | Reached skill level 5 in Spellcasting
 43407 | Vaults:1 | Identified the +2 scale mail "Cyomn" {rElec SInv}
 43537 | Vaults:1 | Reached skill level 5 in Shields
 44357 | Vaults:1 | Reached XP level 19. HP: 142/142 MP: 30/30
 44994 | Vaults:2 | Learned a level 5 spell: Silence
 45568 | Vaults:2 | Found a staircase to the Enchanted Forest.
 45600 | Vaults:2 | Noticed Roxanne
 46796 | Vaults:3 | Reached skill level 24 in Stealth
 46845 | Vaults:3 | Found a staircase to the Hall of Blades.
 47153 | Vaults:3 | Found Precw's Antique Weapon Shoppe.
 48590 | Vaults:4 | Noticed Xtahua
 48594 | Vaults:4 | Killed Xtahua
 48772 | Vaults:4 | Reached XP level 20. HP: 138/148 MP: 34/34
 48924 | Vaults:4 | Found Kucrada's Weapon Shoppe.
 49562 | Vaults:4 | Learned a level 6 spell: Haste
 49563 | Vaults:5 | Entered Level 5 of the Vaults
 49740 | Vaults:5 | Reached skill level 25 in Stealth
 49786 | Vaults:5 | Slain by a stone giant

Action                   |  1- 3 |  4- 6 |  7- 9 | 10-12 | 13-15 | 16-18 | 19-21 || total
-------------------------+-------+-------+-------+-------+-------+-------+-------++-------
Melee: Dagger            |   117 |   162 |   534 |   424 |  1126 |   624 |       ||  2987
       Cutlass           |       |       |       |       |       |  1278 |   951 ||  2229
Throw: Throwing net      |       |     2 |       |       |       |       |       ||     2
       Dart              |       |     1 |       |       |       |       |       ||     1
 Cast: Corona            |     8 |     6 |       |     4 |     3 |    20 |       ||    41
       Confuse           |       |    20 |    13 |     7 |    14 |    43 |     3 ||   100
       Invisibility      |       |       |     8 |    15 |    29 |    38 |     9 ||    99
       Ensorcelled Hiber |       |       |     5 |    30 |   131 |   135 |    39 ||   340
       Sure Blade        |       |       |       |       |    23 |    85 |     8 ||   116
       Enslavement       |       |       |       |       |    17 |    24 |    21 ||    62
       Repel Missiles    |       |       |       |       |       |    46 |    12 ||    58
       Blink             |       |       |       |       |       |     8 |     2 ||    10
       Passwall          |       |       |       |       |       |     1 |       ||     1
 Abil: End Transformatio |       |       |       |     2 |       |       |     1 ||     3
       Bat Form          |       |       |       |     2 |       |       |     1 ||     3
       Stop Flying       |       |       |       |       |     1 |       |       ||     1
       Evoke Flight      |       |       |       |       |     1 |       |       ||     1
       Bottle Blood      |       |       |       |       |       |     4 |       ||     4
Evoke: Wand              |       |       |       |     3 |     3 |     6 |     1 ||    13
  Use: Potion            |     7 |     3 |       |     1 |    11 |    19 |     5 ||    46
       Scroll            |       |    11 |    16 |    10 |    20 |    27 |     3 ||    87
 Stab: Sleeping          |     3 |    10 |    40 |   175 |   249 |   384 |    87 ||   948
       Confused          |       |    14 |    13 |     6 |     8 |    19 |     3 ||    63
       Held in net/web   |       |     1 |       |       |       |       |       ||     1
       Invisible         |       |       |    20 |    28 |    64 |    56 |    36 ||   204
       Distracted        |       |       |     1 |     1 |     3 |    12 |     1 ||    18
       Betrayed ally     |       |       |       |       |     2 |     3 |     2 ||     7
